AoeStats
← danjo

Migration

504841409Analyzed
1v1 RM · 27d ago on Sep 6, 2026· 40m 44s· 2 players
Game mode
Random Map
Map size
132×132
Population
200
Speed
Normal
Resources
Standard
Victory
Conquest
Starting age
Dark Age
Ending age
Imperial Age
RankedLock teamsTeams togetherTeam positionsShared explorationLock speedFull tech treeHidden civsTurbo modeCheats
Victory
Defeat
🇩🇪 Koreans · Germany
1071
+15
🇩🇪 Dravidians · Germany
1050
-15
danjo
10:45 Feudal Age
15:58 Castle Age
14:12 Double-Bit Axe
14:43 Fishing Lines
16:24 Gold Mining
16:56 Medium Warships
17:45 Bow Saw
23:35 Loom
28:39 Fletching
31:34 Bodkin Arrow
37:50 Imperial Age
40:02 Heavy Warships
Swarm
12:45 Feudal Age
13:45 Double-Bit Axe
16:17 Castle Age
17:42 Bow Saw
19:45 Medium Warships
20:15 Gold Mining
20:52 Forging
22:23 Fletching
24:35 Horse Collar
24:45 Loom
26:02 Heavy Plow
27:03 Wheelbarrow
29:27 Hand Cart
33:33 Imperial Age
30:49 Treadmill Crane
33:44 Fishing Lines
34:42 Heavy Warships
35:25 Chemistry
34:33 Siege Engineers
35:01 Town Watch
35:21 Bodkin Arrow
35:23 Gillnets
36:51 Conscription
36:32 Eupseong
36:52 Town Patrol
37:46 Shipwright
37:44 Clinker Construction
37:45 Careening
38:20 Elite Cannon Galleon
39:39 Carvel Hull
39:41 Dry Dock
39:33 Masonry
39:21 Murder Holes
40:49 Gold Shaft Mining
40:48 Scale Mail Armor
Connection lost

Rejoining the realm…

Still unreachable

The connection could not be restored.

Session expired

The server has moved on; the page needs a fresh start.